 Dungeon Crawl Stone Soup version 0.32-a0-928-g1cae6b7ea0 (webtiles) character file.

Game seed: 12939018866758942245

202410 KineticRobot the Fetichist (level 18, -15/127 (150) HPs)
             Began as a Coglin Berserker on Apr 12, 2024.
             Was a High Priest of Trog.
             Demolished by a +3 battleaxe of draining (18 damage)
             ... animated by Zenata
             ... on level 1 of the Vaults.
             The game lasted 01:37:02 (31213 turns).

KineticRobot the Fetichist (Coglin Berserker)      Turns: 31213, Time: 01:37:03

HP:   -15/127 (150) AC: 32    Str: 31    XL:     18   Next: 58%
MP:   18/18         EV: 12    Int:  6    God:    Trog [*****.]
Gold: 1122          SH:  0    Dex: 14    Spells: 17/17 levels left

rFire   . . .        Q - +9 hand axe of Ymauron {heavy, rPois rC++ Int-2 SInv}
rCold   + + +        I - +5 war axe of Bohono {vamp, *Slow rPois Will++ SInv}
rNeg    . . .        T - +0 crystal plate armour
rPois   +            u - +1 hat {SInv}
rElec   +            B - +2 cloak "Pesausk" {rElec Int+3}
rCorr   +            d - +2 pair of gloves
SInv    +            A - +0 pair of boots
Will    +++++        (amulet unavailable) Stlth
                     (ring unavailable)
HPRegen 1.41/turn    (ring unavailable)
MPRegen 0.16/turn    f - retroassembler N-80 {Rampage Acrobat rPois rC+ rCorr}

%: slow self (1%), acrobat, rampage
@: lethally poisoned (-15 -> -23), strong-willed, on berserk cooldown,
regenerating, slowed, heavily drained, very slow
A: off-hand wielding, slow wielding, warmup strikes, no jewellery, thin skeletal
structure 1, strong 1, wild magic 1
}: 1/15 runes: gossamer
a: Renounce Religion, Berserk, Trog's Hand, Brothers in Arms


You were on level 1 of the Vaults.
You worshipped Trog.
Trog was extremely pleased with you.
You visited 5 branches of the dungeon, and saw 27 of its levels.
You also visited: Bailey.

You collected 2804 gold pieces.
You spent 1682 gold pieces at shops.

Inventory:

Hand Weapons
 b - a +6 heavy broad axe
 g - the +6 falchion "Ultimatum" {antimagic, rPois rN+ Int-3 Dex+3}
   (You found it on level 14 of the Dungeon)

   Int-3:     It affects your intelligence (-3).
   Dex+3:     It affects your dexterity (+3).
   rPois:     It protects you from poison.
   rN+:       It protects you from negative energy.
 I - the +5 war axe of Bohono (offhand) {vamp, *Slow rPois Will++ SInv}
   (You found it on level 2 of the Lair of Beasts)

   rPois:     It protects you from poison.
   Will++:    It greatly increases your willpower.
   SInv:      It lets you see invisible.
   *Slow:     It may slow you when you take damage.
 Q - the +9 hand axe of Ymauron (weapon) {heavy, rPois rC++ Int-2 SInv}
   (Trog gifted it to you on level 1 of the Orcish Mines)

   Int-2:     It affects your intelligence (-2).
   rC++:      It greatly protects you from cold.
   rPois:     It protects you from poison.
   SInv:      It lets you see invisible.
 R - a +7 broad axe of flaming
 S - a +2 broad axe of venom {Rubén}
Missiles
 r - 2 throwing nets
Armour
 c - +0 steam dragon scales
 d - a +2 pair of gloves (worn)
 k - the +10 tower shield of Ignorance {rN+ Int-4}
   (You found it on level 2 of the Orcish Mines)

   Int-4:     It affects your intelligence (-4).
   rN+:       It protects you from negative energy.
 m - a +2 plate armour
 u - a +1 hat of see invisible (worn)
 x - a +0 chain mail
 y - a +0 troll leather armour
 A - a +0 pair of boots (worn)
 B - the +2 cloak "Pesausk" (worn) {rElec Int+3}
   (You found it on level 4 of the Spider Nest)

   Int+3:     It affects your intelligence (+3).
   rElec:     It insulates you from electricity.
 G - +0 acid dragon scales
 T - a +0 crystal plate armour (worn)
Gizmo
 f - a retroassembler N-80 (installed) {Rampage Acrobat rPois rC+ rCorr}
   (You invented it yourself on level 3 of the Lair of Beasts)

   [retroassembler N-80]

   rC+:       It protects you from cold.
   rPois:     It protects you from poison.
   rCorr:     It protects you from acid and corrosion.
   Rampage:   It bestows one free step when moving towards enemies.
   Acrobat:   It increases your evasion after moving or waiting.
Wands
 n - a wand of warping (22)
 D - a wand of charming (10)
 F - a wand of acid (7)
 H - a wand of polymorph (5)
 L - a wand of digging (11)
Scrolls
 a - 2 scrolls of fear
 h - 3 scrolls of amnesia
 j - 6 scrolls of fog
 s - 7 scrolls of teleportation
 t - 4 scrolls of immolation
 w - 4 scrolls of vulnerability
 K - 6 scrolls of identify
Potions
 e - 9 potions of haste
 i - 5 potions of brilliance
 l - 7 potions of might
 p - 5 potions of lignification
 q - a potion of berserk rage
 v - 2 potions of degeneration
 z - 2 potions of ambrosia
 E - 11 potions of curing
 J - a potion of resistance
 M - a potion of enlightenment
 N - 3 potions of cancellation
Miscellaneous
 C - a lightning rod (4/4)
 O - a phial of floods
 P - a phantom mirror


   Skills:
 + Level 15.6 Fighting
 + Level 15.6 Axes
 + Level 14.2 Armour
 + Level 16.5 Dodging
 + Level 20.8 Evocations


You had 17 spell levels left.
You didn't know any spells.
Your spell library was empty.

Dungeon Overview and Level Annotations

Branches:
Dungeon (15/15)            Temple (0/1) D:5            Lair (5/5) D:10
 Shoals (0/4) Lair:3       Spider (4/4) Lair:3        Slime (0/5) Lair:5
    Orc (2/2) D:9             Elf (0/3) Orc:2        Vaults (1/5) D:14
 Depths (0/4) D:15         Bailey (visited)

Altars:
Ashenzari
Elyvilon
Fedhas
Makhleb
Qazlal
Ru
Sif Muna
Wu Jian
Xom
Zin
The Shining One
Beogh

Shops:
D:12 (   Orc:1 :   Orc:2 ??*[

Annotations:
Orc:2 1 runed translucent door
Vaults:1 Zenata


Innate Abilities, Weirdness & Mutations

You can wield a second weapon in your off-hand.
It takes a long time for you to wield or remove held weapons.
Your first few attacks do less damage.
You cannot equip rings or amulets.
You have a somewhat thin skeletal structure. (Dex +2, Stealth+)
Your muscles are strong. (Str +4, Int/Dex -1)
Your spells are a little harder to cast, but a little more powerful.


Message History

Your two-headed ogre hits Zenata with a +0 giant club!!
You feel much better.
You feel very sick.
The +4 hand axe of venom hits you but does no damage.
You are more poisoned.
The +4 halberd of venom hits you but does no damage.
The +4 hand axe of venom hits you but does no damage.
You are more poisoned.
The +3 battleaxe of draining hits you but does no damage.
You feel drained.
The +4 halberd of venom hits you but does no damage.
The +4 hand axe of venom barely misses you.
Zenata casts a spell at you.
A blast of power from the earth and the adjacent constructs strikes you!
* * * LOW HITPOINT WARNING * * *
The +3 battleaxe of draining hits you.
* * * LOW HITPOINT WARNING * * *
You feel drained.
The +4 halberd of venom completely misses you.
Your two-headed ogre barely misses Zenata.
Your two-headed ogre closely misses Zenata.
The +4 hand axe of venom hits you but does no damage.
Zenata gestures wildly while chanting.
Send 'em back where they came from!
Trog shields your ally from puny magic!
A deep troll comes into view.
The +3 battleaxe of draining hits you but does no damage.
You feel drained. The +4 halberd of venom hits you.
* * * LOW HITPOINT WARNING * * *
The +0 trident of freezing closely misses you.
Your skin crawls.
You feel strong-willed.
* * * LOW HITPOINT WARNING * * *
You feel extremely sick.
The +4 hand axe of venom closely misses you.
The +0 trident of freezing hits you but does no damage.
The +4 hand axe of venom misses you.
The +4 halberd of venom hits you but does no damage.
The +3 battleaxe of draining hits you!!
You die...

..#..##..##..).[.....#
#.############)..###.#
..# #)....# ..#
#T##### ..# #))...#
#+# #.#######
#.((....# #.(a#####
#.(@O..?# #.(...###
#......... ########'#
.. .. .


You could see Zenata (ally target), a deep troll, 5 dancing weapons and a
friendly two-headed ogre (summoned, berserk).

Vanquished Creatures
  Nikola (Spider:4)
  Arachne (Spider:4)
  An acid blob (Lair:5)
  A sphinx (Vaults:1)
  Kirke (D:15)
  Gastronok (Lair:1)
  The ghost of Cotuymat the Eclecticist, a journeyman OnHW of Hepliaklqana (D:13)
  An emperor scorpion (Spider:2)
  5 ghost moths
  Louise (D:14)
  2 ironbound preservers (Vaults:1)
  3 broodmothers
  2 spark wasps (Spider:4)
  An ettin (D:15)
  5 entropy weavers
  A vault guard (D:14)
  Josephine (D:14)
  4 yaktaur captains (Vaults:1)
  A great orb of eyes (Vaults:1)
  6 jorogumos
  14 centaur warriors
  8 hydras
  2 catoblepae (D:13)
  An ogre mage (D:15)
  5 two-headed ogres
  2 ironbound frosthearts (Vaults:1)
  14 death yaks
  10 boulder beetles
  3 tengu warriors
  4 orc high priests (Orc:2)
  11 demonic crawlers
  An occultist (D:15)
  4 pharaoh ants
  8 orb spiders
  5 deep trolls (Vaults:1)
  A sun moth (Spider:4)
  3 arcanists (Vaults:1)
  3 deep elf pyromancers
  4 steelbarb worms
  Pikel (D:5)
  4 orange crystal statues (Orc:2)
  An orc knight (Bailey)
  An ironbound convoker (Vaults:1)
  25 wolf spiders
  6 orc sorcerers
  9 ugly things
  9 deep elf zephyrmancers
  3 cyclopes
  4 moths of wrath
  9 elephants
  2 kobold blastminers (Orc:1)
  A meliai (Spider:4)
  2 manticores (D:15)
  8 black mambas
  A vault sentinel (Vaults:1)
  9 cane toads
  3 torpor snails
  2 black mambas (shapeshifter)
  A gargoyle (D:14)
  An unseen horror (D:10)
  8 komodo dragons
  A kobold demonologist (D:9)
  6 yaktaurs (Vaults:1)
  A rime drake (Lair:5)
  A freezing wraith (D:14)
  3 tengu conjurers
  8 trolls
  26 tarantellas
  7 hornets
  11 polar bears
  2 dream sheep (Lair:5)
  7 blink frogs
  22 jumping spiders
  A snapping turtle (Lair:3)
  9 slime creatures
  3 shadows
  18 culicivoras
  3 water elementals
  13 spriggans (Lair:5)
  A wyvern (D:10)
  76 yaks
  8 wraiths
  11 wargs (Orc:2)
  4 hogs (D:15)
  2 vampire mosquitoes (D:13)
  6 basilisks
  46 redbacks
  2 steam dragons
  2 acid dragons (D:9)
  Duvessa (D:5)
  19 water moccasins
  2 sky beasts
  An ice beast (D:6)
  2 laughing skulls (D:15)
  6 black bears
  19 orc warriors
  The ghost of Nebesus the Covered, an amateur AtFi (D:3)
  40 wolves
  4 ogres
  4 boggarts (Lair:5)
  12 centaurs
  3 phantoms
  A lemure (D:5)
  4 kobold brigands
  10 bullfrogs
  6 scorpions
  2 gnoll sergeants
  Dowan (D:5)
  9 wights
  15 killer bees
  6 electric eels
  5 howler monkeys
  2 hounds (D:4)
  2 jellies
  A quasit (D:5)
  2 bombardier beetles
  20 orc priests
  36 orc wizards
  3 sleepcaps
  6 adders
  9 gnolls
  A shadow imp (D:5)
  A white imp (D:7)
  3 ufetubi (D:5)
  A ribbon worm (D:2)
  6 dart slugs
  90 orcs
  5 ball pythons
  6 bats
  5 endoplasms
  3 giant cockroaches
  10 goblins
  7 hobgoblins
  7 jackals (D:1)
  10 kobolds
  A quokka (D:4)
  2 frilled lizards
  2 rats (D:1)
  3 butterflies
970 creatures vanquished.

Vanquished Creatures (collateral kills)
  Mlioglotl (Spider:2)
  Frances (D:12)
  Roxanne (Spider:4)
  The ghost of Febridd the Warrior, a journeyman MiFi of Cheibriados (Spider:3)
  2 emperor scorpions (Spider:4)
  A spark wasp (Spider:4)
  A hydra (Lair:4)
  A death yak (Lair:2)
  2 orb spiders (Spider:4)
  A wolf spider (Spider:4)
  A moth of wrath (Spider:4)
  A black mamba (Lair:4)
  A rime drake (Lair:5)
  A tarantella (Spider:4)
  A spriggan (Lair:5)
  A yak (D:12)
  A basilisk (Lair:5)
  A redback (Spider:1)
  An orc warrior (Bailey)
  A wolf (Lair:5)
  A centaur (D:11)
  An orc (Bailey)
24 creatures vanquished.

Vanquished Creatures (others)
  An emperor scorpion (Spider:4)
  3 wolf spiders (Spider:4)
  4 meliai (Spider:4)
  A tarantella (Spider:4)
  2 redbacks (Spider:4)
  2 orc wizards
13 creatures vanquished.

Grand Total: 1007 creatures vanquished

Notes
Turn   | Place    | Note
-------+----------+-------------------------------------------
     0 | D:1      | KineticRobot the Coglin Berserker began the quest for the
                  | Orb.
     0 | D:1      | Reached XP level 1. HP: 18/18 MP: 1/1
    73 | D:1      | Reached XP level 2. HP: 22/24 MP: 2/2
   132 | D:1      | Reached XP level 3. HP: 19/29 MP: 3/3
   280 | D:1      | Reached ** piety under Trog
   879 | D:2      | Reached XP level 4. HP: 35/35 MP: 4/4
  1529 | D:3      | Found a runed translucent door.
  1529 | D:3      | Noticed Nebesus's ghost (amateur AtFi)
  1561 | D:3      | Killed Nebesus's ghost
  1562 | D:3      | Reached XP level 5. HP: 42/42 MP: 5/5
  1617 | D:3      | Found a stormy altar of Qazlal.
  1617 | D:3      | Noticed a sky beast
  1625 | D:3      | Killed a sky beast
  1626 | D:3      | Reached XP level 6. HP: 48/48 MP: 6/6
  1670 | D:3      | Found a faded altar of an unknown god.
  1722 | D:3      | Noticed a water moccasin
  1736 | D:3      | Killed a water moccasin
  1867 | D:3      | Found a glowing golden altar of the Shining One.
  1868 | D:3      | Found a white marble altar of Elyvilon.
  1870 | D:3      | Found a blossoming altar of Fedhas.
  2443 | D:4      | Reached XP level 7. HP: 55/55 MP: 7/7
  2607 | D:4      | Reached skill level 5 in Fighting
  2607 | D:4      | Reached skill level 5 in Axes
  2875 | D:4      | Found a sacrificial altar of Ru.
  2884 | D:4      | Reached XP level 8. HP: 60/62 MP: 8/8
  3294 | D:5      | Entered Level 5 of the Dungeon
  3307 | D:5      | Found a glowing silver altar of Zin.
  3460 | D:5      | Noticed Dowan
  3461 | D:5      | Noticed Duvessa
  3466 | D:5      | Noticed Pikel
  3468 | D:5      | Killed Duvessa
  3469 | D:5      | Killed Dowan
  3478 | D:5      | Killed Pikel
  3479 | D:5      | Reached skill level 5 in Armour
  3479 | D:5      | Reached skill level 5 in Dodging
  3539 | D:5      | Reached XP level 9. HP: 65/69 MP: 9/9
  3781 | D:5      | Reached *** piety under Trog
  3843 | D:5      | Found a staircase to the Ecumenical Temple.
  4094 | D:6      | Reached skill level 1 in Evocations
  4331 | D:6      | Reached skill level 2 in Evocations
  5116 | D:7      | Reached skill level 3 in Evocations
  5496 | D:7      | Reached skill level 4 in Evocations
  5582 | D:7      | Reached XP level 10. HP: 63/77 MP: 10/10
  6431 | D:8      | Reached **** piety under Trog
  6504 | D:8      | Reached skill level 5 in Evocations
  7327 | D:9      | Found a broken altar of Ashenzari.
  7471 | D:9      | Found an ornate altar of the Wu Jian Council.
  7481 | D:9      | Found a flagged portal.
  7496 | Bailey   | Entered a bailey
  7581 | Bailey   | Found a large runed translucent door.
  7581 | Bailey   | Found a large runed translucent door.
  7582 | Bailey   | Noticed a deep elf zephyrmancer
  7582 | Bailey   | Noticed an orc knight
  7592 | Bailey   | Killed an orc knight
  7593 | Bailey   | Reached skill level 6 in Evocations
  7897 | Bailey   | Killed a deep elf zephyrmancer
  8052 | D:9      | Reached XP level 11. HP: 87/87 MP: 11/11
  8268 | D:9      | Noticed a two-headed ogre
  8271 | D:9      | Found a shimmering blue altar of Sif Muna.
  8277 | D:9      | Killed a two-headed ogre
  8278 | D:9      | Reached skill level 7 in Evocations
  8418 | D:9      | Found a staircase to the Orcish Mines.
  9012 | D:9      | Gained mutation: You occasionally lose the ability to drink
                  | potions when taking damage. [potion of mutation]
  9012 | D:9      | Gained mutation: Your body sometimes deteriorates upon
                  | taking damage. [potion of mutation]
  9058 | D:10     | Entered Level 10 of the Dungeon
  9232 | D:10     | Found a staircase to the Lair.
  9664 | D:10     | Reached skill level 8 in Evocations
 10837 | D:11     | Lost mutation: You occasionally lose the ability to drink
                  | potions when taking damage. [potion of mutation]
 10837 | D:11     | Lost mutation: Your body sometimes deteriorates upon taking
                  | damage. [potion of mutation]
 10837 | D:11     | Gained mutation: Your spells are a little harder to cast,
                  | but a little more powerful. [potion of mutation]
 10837 | D:11     | Gained mutation: You have a somewhat thin skeletal
                  | structure. (Dex +2, Stealth+) [potion of mutation]
 10837 | D:11     | Gained mutation: Your muscles are strong. (Str +4, Int/Dex
                  | -1) [potion of mutation]
 10911 | D:11     | Reached skill level 10 in Dodging
 10997 | D:11     | Reached XP level 12. HP: 90/96 MP: 12/12
 11307 | D:12     | Noticed a boulder beetle
 11318 | D:12     | Killed a boulder beetle
 11319 | D:12     | Reached skill level 9 in Evocations
 11349 | D:12     | Noticed Frances
 11357 | D:12     | Killed Frances
 11632 | D:12     | Noticed a boulder beetle
 11636 | D:12     | Killed a boulder beetle
 11833 | D:12     | Reached skill level 10 in Axes
 11882 | D:12     | Reached skill level 10 in Fighting
 12022 | D:12     | Found Saevakk's Antique Weapon Shop.
 12098 | D:12     | Reached skill level 10 in Evocations
 12169 | D:12     | Noticed a death yak
 12169 | D:12     | Noticed a death yak
 12181 | D:12     | Noticed a death yak
 12275 | D:12     | Killed a death yak
 12280 | D:12     | Killed a death yak
 12282 | D:12     | Killed a death yak
 12707 | D:13     | Noticed a boulder beetle
 12807 | Lair:1   | Entered Level 1 of the Lair of Beasts
 12872 | Lair:1   | Reached XP level 13. HP: 89/104 MP: 13/13
 12879 | Lair:1   | Noticed Gastronok
 12888 | Lair:1   | Killed Gastronok
 13146 | Lair:1   | Reached skill level 11 in Evocations
 13478 | Lair:1   | Reached ***** piety under Trog
 14097 | Lair:2   | Reached skill level 10 in Armour
 14309 | Lair:2   | Identified the +5 war axe of Bohono {vamp, *Slow rPois
                  | Will++ SInv}
 15064 | Lair:2   | Reached skill level 12 in Evocations
 15643 | Lair:3   | Found a staircase to the Shoals.
 15735 | Lair:3   | Reached XP level 14. HP: 44/113 MP: 14/14
 15915 | Lair:3   | Acquired a retroassembler N-80 {Rampage Acrobat rPois rC+
                  | rCorr}
 16078 | Lair:3   | Found a hole to the Spider Nest.
 17187 | Lair:4   | Reached skill level 13 in Evocations
 17862 | Lair:5   | Entered Level 5 of the Lair of Beasts
 17877 | Lair:5   | Found a runed translucent door.
 17878 | Lair:5   | Found a staircase to the Slime Pits.
 17878 | Lair:5   | Noticed an acid blob
 17886 | Lair:5   | Killed an acid blob
 18324 | Lair:5   | Paralysed by a hornet for 1 turns
 18511 | Lair:5   | Identified the +8 dagger of Inference {spect, rPois rF+
                  | Will++ Str-5}
 18597 | Lair:5   | Received a gift from Trog
 18603 | Lair:5   | Reached XP level 15. HP: 114/122 MP: 15/15
 18769 | Lair:5   | Reached skill level 14 in Evocations
 19514 | Orc:1    | Entered Level 1 of the Orcish Mines
 19658 | Orc:1    | Identified the +9 hand axe of Ymauron {heavy, rPois rC++
                  | Int-2 SInv} (Trog gifted it to you on level 1 of the Orcish
                  | Mines)
 19658 | Orc:1    | Received a gift from Trog
 19969 | Orc:2    | Entered Level 2 of the Orcish Mines
 20034 | Orc:1    | Found Xiczapyi's Vocational Training.
 20045 | Orc:1    | Bought a manual of Evocations for 1120 gold pieces
 20108 | Orc:2    | Found a runed translucent door.
 20111 | Orc:2    | Found a staircase to the Elven Halls.
 20245 | Orc:2    | Found a roughly hewn altar of Beogh.
 20256 | Orc:2    | Received a gift from Trog
 20302 | Orc:2    | Found Dyqe's Assorted Antiques.
 20313 | Orc:2    | Bought a wand of warping (3) for 216 gold pieces
 20325 | Orc:2    | Found Gyn Kem's Armour Shop.
 20600 | Orc:2    | Found Cestraid's Magic Scroll Shop.
 20612 | Orc:2    | Bought a scroll of enchant armour for 97 gold pieces
 20612 | Orc:2    | Bought a scroll of enchant armour for 97 gold pieces
 20627 | Orc:2    | Found Vyus's Magic Scroll Boutique.
 20637 | Orc:2    | Bought a scroll of brand weapon for 152 gold pieces
 20799 | Orc:2    | Found a runed translucent door.
 20800 | Orc:2    | Found the +10 tower shield of Ignorance {rN+ Int-4}
 21307 | Spider:1 | Entered Level 1 of the Spider Nest
 21325 | Spider:1 | Reached skill level 15 in Evocations
 22321 | Spider:1 | Reached XP level 16. HP: 126/131 MP: 16/16
 22404 | Spider:1 | Reached skill level 16 in Evocations
 22560 | Spider:2 | Noticed Mlioglotl
 22568 | Spider:2 | Killed Mlioglotl
 22765 | Spider:2 | Reached skill level 15 in Dodging
 23160 | Spider:2 | Reached skill level 17 in Evocations
 23976 | Spider:3 | Found a runed translucent gate.
 23978 | Spider:3 | Found a runed translucent gate.
 23979 | Spider:3 | Found a runed translucent gate.
 23980 | Spider:3 | Noticed Febridd's ghost (journeyman MiFi)
 23996 | Spider:3 | Killed Febridd's ghost
 23999 | Spider:3 | Identified the staff "Veluz" {rElec rF+ Fire}
 24256 | Spider:3 | Identified the +0 robe of Courage {*Corrode rN++ Stlth+}
 25197 | Spider:4 | Entered Level 4 of the Spider Nest
 25347 | Spider:4 | Noticed Arachne
 25348 | Spider:4 | Noticed Nikola
 25355 | Spider:4 | Reached skill level 18 in Evocations
 25357 | Spider:4 | Killed Arachne
 25370 | Spider:4 | Killed Nikola
 25371 | Spider:4 | Reached XP level 17. HP: 33/139 MP: 17/17
 25610 | Spider:4 | Received a gift from Trog
 26059 | Spider:4 | Reached skill level 19 in Evocations
 26315 | Spider:4 | Got a gossamer rune of Zot
 26676 | Spider:4 | Noticed Roxanne
 26952 | Spider:4 | Killed Roxanne
 26974 | Spider:4 | Identified the +2 cloak "Pesausk" {rElec Int+3}
 27630 | D:13     | Found a runed translucent gate.
 27630 | D:13     | Found a runed translucent gate.
 27630 | D:13     | Found a runed translucent gate.
 27643 | D:13     | Noticed Cotuymat's ghost (journeyman OnHW)
 27656 | D:13     | Killed Cotuymat's ghost
 27792 | D:13     | Identified the +4 dagger of Paoss {flame, Str+3}
 27962 | D:13     | Identified the beast talisman of Midsummer {Fly}
 28445 | D:14     | Identified the +6 falchion "Ultimatum" {antimagic, rPois
                  | rN+ Int-3 Dex+3}
 28454 | D:14     | Noticed Louise
 28467 | D:14     | Killed Louise
 28468 | D:14     | Reached skill level 15 in Fighting
 28468 | D:14     | Reached skill level 15 in Axes
 28903 | D:14     | Noticed Josephine
 28912 | D:14     | Killed Josephine
 29006 | D:14     | Found a stormy altar of Qazlal.
 29107 | D:14     | Found a gate to the Vaults.
 29120 | D:14     | Reached skill level 20 in Evocations
 29482 | D:15     | Entered Level 15 of the Dungeon
 29733 | D:15     | Reached XP level 18. HP: 149/149 MP: 18/18
 29866 | D:15     | Identified the amulet "Ugehuog" {Spirit Harm}
 29963 | D:15     | Noticed Kirke
 29970 | D:15     | Killed Kirke
 30476 | D:15     | Found a staircase to the Depths.
 30544 | D:15     | Found a white marble altar of Elyvilon.
 30546 | D:15     | Found a shimmering altar of Xom.
 30546 | D:15     | Found a burning altar of Makhleb.
 30548 | D:15     | Found an ornate altar of the Wu Jian Council.
 30548 | D:15     | Found a glowing golden altar of the Shining One.
 30548 | D:15     | Found a bloodstained altar of Trog.
 30979 | Vaults:1 | Entered Level 1 of the Vaults
 31201 | Vaults:1 | Received a gift from Trog
 31202 | Vaults:1 | Noticed Zenata
 31213 | Vaults:1 | HP: 3/127 [poisoned by a +4 hand axe of venom]
 31213 | Vaults:1 | Demolished by a +3 battleaxe of draining

Illustrated notes

Levels and vault maps discovered:
D:1:      evilmike_arrival_rings, layout_basic, serial_park_tiny_2
D:2:      layout_loops_cross
D:3:      layout_loops_corners, nicolae_qazlal_beasts_of_the_sky, minitemple,
          hellmonk_ghost_happy_afterlife,
          shapermc_ecumenical_altar_starsandcircs
D:4:      layout_basic, nicolae_ru_great_annihilating_truth,
          hangedman_glass_teeth
D:5:      layout_loops_ring, mainiacjoe_overflow_paths,
          minmay_temple_entry_gardened_gates, serial_demonic, serial_demonic_a,
          serial_demonic_d, serial_demonic_d, serial_demonic_g, uniq_duvessa,
          uniq_pikel
D:6:      layout_cave_pods, kennysheep_generic_room_12
D:7:      layout_basic
D:8:      layout_loops_corners
D:9:      layout_roguey, nicolae_ashenzari_panopticon,
          hellmonk_sif_muna_bookshelves, nzn_wu_jian_council_hall, orc_0_dummy,
          enter_bailey_2, nrook_pool_corridor, kennysheep_kite_vault
D:10:     layout_loops_ring, david_lair_generic
D:11:     layout_big_octagon
D:12:     argonaut_augean_stables, layout_irregular_city, serial_shops,
          nicolae_take_the_stairs, serial_glass, glass_columns_b,
          glass_columns_a, dreamdust_princess_corridor, uniq_frances
D:13:     layout_cave_pools, ebering_ghost_rock_garden, elves_outpost_lemuel
D:14:     layout_basic, david_vaults_5, nicolae_qazlal_eye_of_the_storm,
          uniq_louise, uniq_josephine
D:15:     hangedman_depths_entry_civil_slaughter, layout_layer_cave,
          doesnt_xom_only_xom, uniq_kirke
Lair:1:   layout_small_grid, grunt_megastairs_2, lemuel_fruit_fields,
          serial_bayou_shore_a, infiniplex_staircase_pool_2, uniq_gastronok
Lair:2:   layout_long_grid, infiniplex_staircase_pool, lemuel_fruit_fields
Lair:3:   layout_hall_layers, minmay_shoals_entry_hut, dummy_spider_entry,
          st_stairs_4, grunt_forest_small_clearings
Lair:4:   layout_roguey, beast_lair_carwin_2
Lair:5:   minmay_lair_end_enchanted_forest, layout_cave_pods, slime_entry_2
Spider:1: layout_spider_delve, hangedman_spider_tarantella_strand
Spider:2: layout_spider_delve, nicolae_spider_moth_buddies, uniq_mlioglotl
Spider:3: layout_cave_pods, ebering_ghost_rock_garden
Spider:4: johnstein_spider_rune_arachne_lair, uniq_arachne, uniq_roxanne,
          uniq_nikola
Orc:1:    layout_diamond_mine, nicolae_shop_vocational
Orc:2:    st_orc_town, layout_diamond_mine, chequers_guarded_unrand_ignorance
Vaults:1: lightli_orcish_oven, nicolae_vaults_network_star, vaults_room_corners,
          nicolae_vaults_prndl, nicolae_vaults_trapezoid_lopsided_2,
          nicolae_vaults_storage_closets_1, v_misc_2,
          nicolae_vaults_little_squares_2, nicolae_vaults_ninety_degrees,
          st_eye, nicolae_vaults_double_plus_2,
          nicolae_vaults_diagonal_hallway_6, nicolae_vaults_tangram_1,
          layout_vaults_omnibox, serial_shops,
          nicolae_shop_pleasant_corner_grove, uniq_asterion, uniq_zenata

Skill      XL: |  1  2  3  4  5  6  7  8  9 10 11 12 13 14 15 16 17 18 |
---------------+-------------------------------------------------------+-----
Armour         | 2 3 4 5 6 7 8 9 10 11 12 13 14 | 14.2
Dodging        | 2 3 4 5 6 8 10 11 13 14 15 16 | 16.5
Fighting       | 4 5 6 7 8 9 10 11 12 13 14 15 | 15.6
Axes           | 4 5 6 7 8 9 10 11 12 13 14 15 | 15.6
Evocations     | 4 6 8 10 12 13 15 18 20 | 20.8

Action                     |  1- 3 |  4- 6 |  7- 9 | 10-12 | 13-15 | 16-18 || total
---------------------------+-------+-------+-------+-------+-------+-------++-------
  Melee: Hand axe          |    57 |    63 |    12 |       |   194 |   590 ||   916
         Dagger            |    24 |       |       |    62 |       |       ||    86
         Flail             |    29 |    18 |       |       |       |       ||    47
         War axe           |       |    49 |   348 |   670 |  1146 |   571 ||  2784
         Broad axe         |       |       |       |       |   103 |       ||   103
 Invoke: Berserk           |     1 |     3 |     4 |    14 |    15 |    17 ||    54
         Trog's Hand       |       |     1 |     4 |     8 |    13 |    17 ||    43
         Brothers in Arms  |       |       |       |     3 |     5 |     6 ||    14
Ability: Invent Gizmo      |       |       |       |       |     1 |       ||     1
  Evoke: Wand              |       |       |       |    17 |     5 |    23 ||    45
         Lightning rod     |       |       |       |    10 |     6 |    14 ||    30
         Phantom mirror    |       |       |       |       |       |     1 ||     1
    Use: Scroll            |     4 |     8 |     7 |    12 |     7 |    11 ||    49
         Potion            |       |     1 |     2 |    10 |     7 |     6 ||    26
   Stab: Paralysed         |       |       |     1 |       |       |       ||     1
         Distracted        |       |       |       |     1 |     1 |       ||     2
         Petrified         |       |       |       |       |       |     3 ||     3
 Armour: Animal skin       |    35 |       |       |       |       |       ||    35
         Leather armour    |     6 |    41 |   144 |    22 |       |       ||   213
         Troll leather arm |       |       |       |    72 |       |       ||    72
         Chain mail        |       |       |       |   235 |       |       ||   235
         Steam dragon scal |       |       |       |    25 |       |       ||    25
         Plate armour      |       |       |       |   100 |   937 |   739 ||  1776
         Crystal plate arm |       |       |       |       |       |   199 ||   199
  Dodge: Dodged            |    41 |    54 |   157 |   317 |   746 |   640 ||  1955

Table legend: (Time is in decaauts)
 A = Elapsed time spent in this place.
 B = Non-inter-level travel time spent in this place.
 C = Inter-level travel time spent in this place.
 D = Time resting spent in this place.
 E = Time spent auto-exploring this place.
 F = Levels seen in this place.
 G = Mean time per level.
                   A        B        C        D        E       F      G
               +--------+--------+--------+--------+--------+-----+--------+
         Total |  31749 |  30175 |   1574 |   4529 |  19969 |  28 | 1133.9 |
       Dungeon |  16220 |  15344 |    876 |   1144 |  11472 |  15 | 1081.3 |
          Lair |   7112 |   6776 |    336 |   1057 |   4571 |   5 | 1422.4 |
   Spider Nest |   5895 |   5698 |    197 |   1677 |   2946 |   4 | 1473.8 |
  Orcish Mines |   1707 |   1544 |    163 |    286 |    888 |   2 |  853.5 |
        Vaults |    246 |    246 |      0 |    118 |      0 |   1 |  246.0 |
        Bailey |    566 |    566 |      0 |    247 |     92 |   1 |  566.0 |
               +--------+--------+--------+--------+--------+-----+--------+

Top non-repeatable levels by time:
Spider:4: 2044 daAuts
  Lair:5: 1587 daAuts
  Lair:2: 1569 daAuts
    D:12: 1541 daAuts
    D:10: 1523 daAuts
Spider:2: 1464 daAuts
    D:15: 1449 daAuts
Spider:3: 1438 daAuts
  Lair:1: 1368 daAuts
  Lair:3: 1334 daAuts
     D:7: 1304 daAuts
    D:14: 1262 daAuts
  Lair:4: 1254 daAuts
     D:8: 1237 daAuts
   Orc:2: 1178 daAuts
